 Dungeon Crawl Stone Soup version 0.29-a0-231-g945431f764 (webtiles) character file.

Game seed: 10418051682092209998

2777 enile the Skirmisher (level 9, 0/64 HPs)
             Began as an Octopode Brigand on Feb 28, 2022.
             Was a Priest of Uskayaw.
             Asphyxiated
             ... on level 7 of the Dungeon.
             The game lasted 00:15:00 (9632 turns).

enile the Skirmisher (Octopode Brigand)             Turns: 9632, Time: 00:15:01

Health: 0/64       AC:  1    Str: 11 (12) XL:     9   Next: 70%
Magic:  22/22      EV: 14    Int: 10 (13) God:    Uskayaw [***...]
Gold:   592        SH:  0    Dex: 13 (16) Spells: 6/8 levels left

rFire   . . .      SeeInvis .   r - +6 dagger (flame)
rCold   . . .      Faith    .   (no shield)
rNeg    . . .      Spirit   .   (helmet restricted)
rPois   .          Reflect  .   (no amulet)
rElec   .          Harm     .   t - ring of magical power
rCorr   .          Rampage  .   H - ring of Shadows {Umbra +Inv Stlth+}
Will    .....                   (no ring)
Stlth   ++++++++..              (no ring)
HPRegen 0.20/turn               (no ring)
MPRegen 0.18/turn               (no ring)
                                (no ring)
                                (no ring)

@: lethally poisoned (0 -> -18), slowed, wreathed by umbra, very slow
A: almost no armour, amphibious, 8 rings, camouflage 1, gelatinous body 1,
(nimble swimmer 1), tentacles
a: Renounce Religion, Evoke Invisibility, Stomp, Line Pass


You were on level 7 of the Dungeon.
You worshipped Uskayaw.
Uskayaw was noncommittal.
You visited 1 branch of the dungeon, and saw 7 of its levels.
You also visited: Ossuary.

You collected 592 gold pieces.

Inventory:

Hand Weapons
 a - a +2 dagger
 h - a +0 halberd
 r - a +6 dagger of flaming (weapon)
 u - a +0 war axe
 v - a +3 dagger
 D - a +2 mace of holy wrath
 J - a +2 dagger of venom
Missiles
 b - 13 poisoned darts
 c - 2 curare-tipped darts
 C - a javelin (quivered)
 G - a throwing net
Magical Staves
 f - a staff of poison
 j - a staff of earth
Jewellery
 t - a ring of magical power (left tentacle)
 H - the ring of Shadows (right tentacle) {Umbra +Inv Stlth+}
   (You found it on level 6 of the Dungeon)

   [ring of stealth]

   It surrounds you with an aura of shadow, increasing your stealth and reducing
   the accuracy of all others within it.
   +Inv:      It lets you turn invisible.
   Stlth:     It makes you more stealthy.
Wands
 q - a wand of flame (10)
Scrolls
 d - 2 scrolls of vulnerability
 i - a scroll of torment
 l - 2 scrolls of amnesia
 m - a scroll of blinking
 x - a scroll of holy word {unknown}
 y - a scroll of enchant armour
 I - a scroll of enchant weapon {unknown}
Potions
 e - 4 potions of degeneration
 g - a potion of brilliance {unknown}
 k - 2 potions of invisibility {unknown}
 n - 4 potions of lignification {unknown}
 o - a potion of berserk rage {unknown}
 p - a potion of attraction {unknown}
 s - a potion of resistance {unknown}
 w - 3 potions of heal wounds {unknown}
 z - 3 potions of mutation {unknown}
 A - 2 potions of curing {unknown}
 B - 3 potions of haste {unknown}
 E - a potion of magic {unknown}
 F - 2 potions of might {unknown}


   Skills:
 + Level 7.5 Fighting
 - Level 5.0 Short Blades
 - Level 1.0 Polearms
 - Level 4.0 Throwing
 - Level 4.0 Dodging
 - Level 7.0 Stealth
 - Level 6.0 Invocations
 - Level 5.0 Evocations


You had 6 spell levels left.
You knew the following spells:

 Your Spells              Type           Power      Damage    Failure   Level
a - Blink                 Tloc           0%         N/A       50%         2

Your spell library contained the following spells:

 Spells                   Type           Power      Damage    Failure   Level
 Animate Skeleton         Necr           0%         N/A       36%         1
 Apportation              Tloc           0%         N/A       36%         1
 Summon Small Mammal      Summ           0%         N/A       36%         1
 Gell's Gravitas          Tloc           0%         N/A       75%         3
 Teleport Other           Tloc           0%         N/A       75%         3
 Blade Hands              Tmut           0%         N/A       100%        5
 Irradiate                Conj/Tmut      0%         3d14      100%        5
 Manifold Assault         Tloc           0%         N/A       100%        5
 Dispersal                Tloc           0%         N/A       100%        6
 Dragon Form              Tmut           0%         N/A       100%        7
 Storm Form               Tmut/Air       0%         N/A       100%        7


Dungeon Overview and Level Annotations

Branches:
Dungeon (7/15)             Temple (0/1) D:7         Ossuary (visited)

Altars:
Elyvilon
Okawaru
Uskayaw
Wu Jian

Annotations:
D:6 1 runed translucent door, dog's ghost, novice MiBe


Innate Abilities, Weirdness & Mutations

You cannot wear most types of armour.
You are amphibious.
You can wear up to eight rings at the same time.
Your skin changes colour to match your surroundings (Stealth+).
Your rubbery body absorbs attacks. (AC +1, EV +1)
((You are camouflaged when in or above water. (Stealth+)))
You have tentacles for arms and can constrict up to eight enemies at once.


Message History

You start resting.
You feel sick.
A kobold brigand comes into view.
It is wielding a +0 dagger and quivering curare-tipped darts.
A kobold brigand is nearby!
A kobold brigand is nearby!
Throw: 4 javelins
Press: ? - help, Q - select action, (/) - cycle Shift-Dir - straight line, f - kobold brigand
Aim: a kobold brigand, wielding a +0 dagger, wearing a +0 leather armour and quivering curare-tipped darts (wandering, hasn't noticed you, 59% to hit)
You throw a javelin. The kobold brigand shouts!
The javelin pierces through the kobold brigand but does no damage.
You feel sick.
You hear a shout!
Throw: 3 javelins
Press: ? - help, Q - select action, (/) - cycle Shift-Dir - straight line, f/p - kobold brigand
Aim: a kobold brigand, wielding a +0 dagger, wearing a +0 leather armour and quivering curare-tipped darts (59% to hit)
You throw a javelin.
The javelin barely misses the kobold brigand.
You feel sick.
Throw: 2 javelins
Press: ? - help, Q - select action, (/) - cycle Shift-Dir - straight line, f/p - kobold brigand
Aim: a kobold brigand, wielding a +0 dagger, wearing a +0 leather armour and quivering curare-tipped darts (59% to hit)
You throw a javelin.
The javelin closely misses the kobold brigand.
You feel sick.
The kobold brigand throws a curare-tipped dart.
The curare-tipped dart hits you.
You are lethally poisoned!
You have difficulty breathing.
* * * LOW HITPOINT WARNING * * *
You feel yourself slow down.
It was a potion of degeneration.
There was something very wrong with that liquid.
You feel weakened.
You feel dopey.
You feel clumsy.
* * * LOW HITPOINT WARNING * * *
You feel very sick.
The kobold brigand throws a curare-tipped dart.
The curare-tipped dart hits you.
You are more poisoned.
You have difficulty breathing.
You die...

(.
#..###
####
#(###.##
((#..#
#(#.##
#K#.#
#.(.#
##.##
#.# #@#
#.# #.#
#.. ####


You could see a kobold brigand.

Vanquished Creatures
  A gargoyle (D:7)
  A black bear (D:6)
  An ice beast (D:5)
  5 ogres
  4 centaurs
  A phantom (D:5)
  2 bullfrogs (D:7)
  A gnoll sergeant (D:6)
  A scorpion (D:6)
  6 killer bees (D:7)
  3 hounds
  A jelly (D:5)
  An orc priest (D:6)
  Ijyb (D:3)
  2 iguanas
  4 orc wizards
  8 mummies (Ossuary)
  7 adders
  15 gnolls
  A white imp (D:5)
  3 worms
  A dart slug (D:4)
  23 orcs
  8 ball pythons
  6 endoplasms
  17 goblins
  10 hobgoblins
  6 jackals
  3 quokkas
  9 bats
  8 frilled lizards
  2 gnoll zombies (Ossuary)
  2 hobgoblin zombies (Ossuary)
  7 kobolds
  2 kobold zombies (Ossuary)
  2 orc zombies (Ossuary)
  2 rats (D:1)
177 creatures vanquished.

Vanquished Creatures (collateral kills)
  An ice beast (D:6)
  A scorpion (D:6)
  A shadow imp (D:6)
  An orc (D:6)
4 creatures vanquished.

Vanquished Creatures (others)
  8 plants (D:7)
  3 withered plants (D:2)
11 creatures vanquished.

Grand Total: 192 creatures vanquished

Notes
Turn   | Place    | Note
-------+----------+-------------------------------------------
     0 | D:1      | enile the Octopode Brigand began the quest for the Orb.
     0 | D:1      | Reached XP level 1. HP: 14/14 MP: 1/1
   235 | D:1      | Reached XP level 2. HP: 20/20 MP: 2/2
   674 | D:1      | Reached XP level 3. HP: 26/26 MP: 3/3
  1392 | D:2      | Reached XP level 4. HP: 31/31 MP: 4/4
  1414 | D:2      | Reached skill level 1 in Evocations
  1912 | D:2      | Found a faded altar of an unknown god.
  1941 | D:2      | Prayed at the altar of an unknown god.
  1941 | D:2      | Became a worshipper of Elyvilon the Healer
  1941 | D:2      | Reached * piety under Elyvilon
  2572 | D:3      | Reached skill level 1 in Polearms
  2736 | D:3      | Reached XP level 5. HP: 17/36 MP: 5/5
  3012 | D:3      | Reached ** piety under Elyvilon
  3535 | D:3      | Noticed Ijyb
  3542 | D:3      | Elyvilon protects you from harm!
  3543 | D:3      | Killed Ijyb
  4013 | D:3      | Reached XP level 6. HP: 44/44 MP: 6/6
  4154 | D:4      | Found a hide-covered altar of Uskayaw.
  4157 | D:4      | You fall into a shaft and drop 3 floors!
  4169 | D:7      | Reached skill level 5 in Fighting
  4171 | D:6      | Noticed an ice beast
  4171 | D:6      | Found a runed translucent door.
  4189 | D:6      | Killed an ice beast
  4198 | D:6      | Reached XP level 7. HP: 35/50 MP: 7/7
  4443 | D:6      | Noticed dog's ghost (novice MiBe)
  4481 | D:5      | Entered Level 5 of the Dungeon
  4498 | D:5      | Found a sand-covered staircase.
  4533 | Ossuary  | Entered an ossuary
  5377 | D:5      | Reached skill level 5 in Short Blades
  5377 | D:5      | Reached XP level 8. HP: 43/55 MP: 8/8
  5749 | D:5      | Noticed a shadow
  5795 | D:5      | Reached *** piety under Elyvilon
  6359 | D:4      | Found an iron altar of Okawaru.
  6997 | D:4      | Learned a level 2 spell: Blink
  7065 | D:4      | Fell from the grace of Elyvilon
  7065 | D:4      | Became a worshipper of Uskayaw the Reveller
  7118 | D:6      | Reached * piety under Uskayaw
  7123 | D:6      | Reached ** piety under Uskayaw
  7131 | D:6      | Reached *** piety under Uskayaw
  7134 | D:6      | Reached **** piety under Uskayaw
  7648 | D:6      | Found an ornate altar of the Wu Jian Council.
  7657 | D:6      | Reached skill level 5 in Evocations
  7657 | D:6      | Reached skill level 1 in Invocations
  7666 | D:6      | Found the ring of Shadows {Umbra +Inv Stlth+}
  7676 | D:6      | Reached XP level 9. HP: 37/64 MP: 10/10
  9079 | D:7      | Reached skill level 5 in Invocations
  9325 | D:7      | Found a staircase to the Ecumenical Temple.
  9359 | D:7      | Noticed a gargoyle
  9536 | D:7      | Killed a gargoyle
  9632 | D:7      | Asphyxiated

Illustrated notes

Levels and vault maps discovered:
D:1:      dpeg_arrival_water_temple_mockup, layout_basic,
          minmay_misc_feat_enclosed
D:2:      layout_loops_ring, ebering_ecumenical_altar_petrified,
          minmay_heptomino_l4
D:3:      kennysheep_goblin_castle, layout_basic, serial_glass, glass_columns_a,
          glass_columns_b
D:4:      layout_loops_ring, lemuel_coloured_pillars_altar,
          nicolae_uskayaw_dance_hall
D:5:      layout_loops_cross, enter_ossuary_5, nicolae_fountain_basement
D:6:      layout_cave_pools, mainiacjoe_overflow_six_doors_small,
          ebering_ghost_sewer_d, corner_web_ring
D:7:      minmay_general_purpose_star, layout_gridville,
          beargit_hepliaklqana_dungeon_heroes,
          minmay_temple_entry_gardened_gates

Skill      XL: |  1  2  3  4  5  6  7  8  9 |
---------------+----------------------------+-----
Fighting       | 3 4 5 7 |  7.5
Dodging        | 3 4 |  4.0
Evocations     | 2 5 |  5.0
Polearms       | 1 |  1.0
Short Blades   | 3 5 |  5.0
Stealth        | 7 |  7.0
Invocations    | 2 6 |  6.0
Throwing       | 4 |  4.0

Action                   |  1- 3 |  4- 6 |  7- 9 || total
-------------------------+-------+-------+-------++-------
Melee: Dagger            |    72 |    16 |   166 ||   254
       Constrict         |    14 |    21 |    31 ||    66
       Tentacles         |     9 |    18 |    39 ||    66
       Halberd           |       |   105 |       ||   105
       Punch             |       |       |     1 ||     1
Throw: Dart              |       |       |    19 ||    19
       Javelin           |       |       |    19 ||    19
Evoke: Wand              |       |       |     8 ||     8
  Use: Scroll            |       |     4 |     7 ||    11
       Potion            |       |       |     1 ||     1
 Stab: Sleeping          |     9 |    14 |    16 ||    39
       Paralysed         |       |       |     3 ||     3
Armor: Skin              |     5 |     7 |     2 ||    14
Dodge: Dodged            |    35 |    73 |    75 ||   183

Table legend: (Time is in decaauts)
 A = Elapsed time spent in this place.
 B = Non-inter-level travel time spent in this place.
 C = Inter-level travel time spent in this place.
 D = Time resting spent in this place.
 E = Time spent auto-exploring this place.
 F = Levels seen in this place.
 G = Mean time per level.
                   A        B        C        D        E       F      G
               +--------+--------+--------+--------+--------+-----+--------+
         Total |   9650 |   9455 |    195 |   1511 |   6503 |   8 | 1206.2 |
       Dungeon |   9269 |   9074 |    195 |   1511 |   6227 |   7 | 1324.1 |
       Ossuary |    380 |    380 |      0 |      0 |    276 |   1 |  380.0 |
               +--------+--------+--------+--------+--------+-----+--------+

Top non-repeatable levels by time:
     D:6: 2074 daAuts
     D:3: 1650 daAuts
     D:1: 1342 daAuts
     D:5: 1322 daAuts
     D:2: 1205 daAuts
     D:4: 884 daAuts
     D:7: 789 daAuts
 Ossuary: 380 daAuts
